 Dungeon Crawl Stone Soup version 0.19.0-23-gf02e663 (webtiles) character file.

5201 Coron the Unseen (level 10, -11/49 HPs)
             Began as a Felid Fighter on Nov 19, 2016.
             Was an Elder of Dithmenos.
             Mangled by a polar bear (15 damage)
             ... on level 10 of the Dungeon.
             The game lasted 00:59:57 (20360 turns).

Coron the Unseen (Felid Fighter)                   Turns: 20360, Time: 00:59:58

Health: -11/49     AC:  3    Str: 14    XL:     10   Next: 34%
Magic:  13/13      EV: 29    Int: 13    God:    Dithmenos [****..]
Gold:   430        SH:  0    Dex: 20    Spells: 0 memorised, 9 levels left
                                        Lives:  0   Deaths: 2

rFire  . . .     SeeInvis +       - Unarmed
rCold  + + .     Gourm    .     (armour unavailable)
rNeg   . . .     Faith    .     (shield unavailable)
rPois  .         Spirit   .     (helmet unavailable)
rElec  .         Reflect  .     (cloak unavailable)
rCorr  .         Harm     .     (gloves unavailable)
MR     +....                    (boots unavailable)
Stlth  ++++++++++               (no amulet)
                                o - +4 ring of intelligence
                                k - ring of protection from cold

@: wreathed by umbra, quick
A: no armour, no weapons or thrown items, stealth, claws 1, fangs 3, see
invisible, blink, carnivore 3, speed 1, shaggy fur 3, slow metabolism 1, strong
1, sharp paws
a: Blink, Shadow Step, Renounce Religion


You were on level 10 of the Dungeon.
You worshipped Dithmenos.
Dithmenos was greatly pleased with you.
You were completely stuffed.

You visited 2 branches of the dungeon, and saw 13 of its levels.

You collected 843 gold pieces.
You spent 413 gold pieces at shops.

Inventory:

Jewellery
 k - a ring of protection from cold (left paw)
 m - an uncursed ring of ice
 n - an uncursed ring of ice
 o - a +4 ring of intelligence (right paw)
 y - an uncursed amulet of rage {unknown}
Wands
 h - a wand of teleportation (5/9)
 w - a wand of iceblast (6/15)
 z - a wand of enslavement (11/24)
 B - a wand of iceblast (8/15)
Scrolls
 c - 4 scrolls of recharging
 d - 10 scrolls of remove curse
 e - 2 scrolls of fear
 i - 3 scrolls of teleportation
 j - a scroll of amnesia
 s - a scroll of identify
 u - 3 scrolls of blinking
 x - 2 scrolls of summoning
 C - a scroll of magic mapping
Potions
 a - 2 potions of might
 f - 4 potions of curing
 q - 3 potions of flight
 r - 2 potions of mutation
 t - 7 potions of lignification
 v - a potion of ambrosia
 A - a potion of invisibility {unknown}
 D - a potion of degeneration {unknown}
Comestibles
 b - 7 meat rations
 g - 3 beef jerkies
 l - 8 slices of pizza


   Skills:
 - Level 8.4 Fighting
 + Level 11.5 Dodging
 - Level 18.1 Stealth
 - Level 8.0 Unarmed Combat
 - Level 3.0 Evocations


You had 9 spell levels left.
You didn't know any spells.

Dungeon Overview and Level Annotations

Branches:
Dungeon (11/15)            Temple (0/1) D:7            Lair (2/6) D:10
  Swamp: Lair:2-4    Shoals: Lair:2-4     Snake: Lair:2-4    Spider: Lair:2-4
    Orc: D:9-12

Altars:
Ashenzari
Cheibriados
Dithmenos
Elyvilon
Fedhas
Kikubaaqudgha
Makhleb
Nemelex Xobeh
Okawaru
Qazlal
Trog
Xom

Shops:
D:6 ?   D:7 [?[:(

Annotations:
D:11 Josephine


Innate Abilities, Weirdness & Mutations

You cannot wear armour.
You are incapable of wielding weapons or throwing items.
Your paws allow you to move quietly. (Stealth)
You have sharp claws.
You have razor-sharp teeth.
You have supernaturally acute eyesight. (SInv)
You are carnivorous and can eat meat at any time.
You cover ground quickly.
Your thick and shaggy fur keeps you warm. (AC +3, rC+)
You have a slow metabolism.
Your sharp claws are effective at attacking unaware monsters.
You can translocate small distances at will.
Your muscles are strong. (Str +2)


Message History

The polar bear is severely wounded.
The polar bear goes berserk!
You completely miss the polar bear.
The polar bear is severely wounded.
The polar bear completely misses you. The polar bear claws you.
The polar bear completely misses you.
You scratch the polar bear but do no damage.
You bite the polar bear, but do no damage.
The polar bear is severely wounded.
The polar bear misses you. The polar bear claws you.
The polar bear completely misses you. The polar bear bites you!!
Ouch! That really hurt!
* * * LOW HITPOINT WARNING * * *
You emit a cloud of dark smoke.
The polar bear misses you. The polar bear claws you.
* * * LOW HITPOINT WARNING * * *
You scratch the polar bear but do no damage.
The polar bear is severely wounded.
The polar bear bites you!
You die...

.####.##.## ###.### #.#
..........#########.# #.#
###............Hh.H.# #.#
#.#.....##.######## #.#
#.......##.# #.# #.##.....#)# #.#
###.#........## #########.#####
h.............####§[...........#
#####..........h@§.#######.###.#
##..>..#.####### #.# #.# #
#....##.# #.###.##
######.#.#...#############.......
.....).#.#.#h#..............##.#.
#########...###############.##.#.
# #...#h....# #####.##.#.
#########...#.hh.h# #.....##.#.
........#...'...h.# #.######.#.


You could see a polar bear (berserk).

Vanquished Creatures
  A hydra (Lair:1)
  The ghost of Komma the Slinger, a journeyman HaHu of Okawaru (D:10)
  2 hill giants (D:10)
  Maurice (D:11)
  3 spiny frogs (Lair:1)
  An ice statue (D:10)
  3 polar bears (D:10)
  4 hippogriffs
  12 yaks
  3 wraiths
  A wyvern (D:10)
  The ghost of Mordru the Sneak, an amateur SpAE of Vehumet (D:5)
  A basilisk (Lair:2)
  A human (D:6)
  4 hogs
  A hungry ghost (D:10)
  A warg (D:10)
  Edmund (D:5)
  5 water moccasins (Lair:1)
  A porcupine (Lair:2)
  2 sky beasts
  11 ice beasts
  2 orc warriors
  5 black bears (D:10)
  6 ogres
  A phantom (D:6)
  2 wolves (D:10)
  5 centaurs
  A crocodile (Lair:1)
  2 big kobolds
  7 bullfrogs
  A gnoll sergeant (D:10)
  A wyvern skeleton (D:11)
  3 scorpions
  6 killer bees (D:10)
  A howler monkey (D:5)
  6 crimson imps
  2 quasits
  4 jellies
  Crazy Yiuf (D:5)
  7 orc priests
  2 hounds
  3 orc wizards
  2 bullfrog skeletons
  An iguana (D:5)
  2 centaur skeletons
  4 worker ants
  A hound zombie (D:6)
  2 howler monkey skeletons (D:4)
  9 adders
  9 gnolls
  A river rat (D:9)
  2 shadow imps
  An adder zombie (D:5)
  2 adder skeletons
  2 worms
  4 dart slugs
  12 leopard geckos
  31 orcs
  2 ball pythons
  8 goblins
  8 hobgoblins
  7 jackals
  23 kobolds
  2 quokkas
  11 bats
  4 frilled lizards
  A leopard gecko zombie (D:7)
  A quokka skeleton (D:9)
  6 rats
287 creatures vanquished.

Vanquished Creatures (others)
  38 fungi
  14 plants (D:10)
52 creatures vanquished.

Grand Total: 339 creatures vanquished

Notes
Turn   | Place    | Note
-------+----------+-------------------------------------------
     0 | D:1      | Coron the Felid Fighter began the quest for the Orb.
     0 | D:1      | Reached XP level 1. HP: 10/10 MP: 2/2
   167 | D:1      | Reached skill level 1 in Stealth
   179 | D:1      | Reached skill level 2 in Stealth
   372 | D:1      | Reached XP level 2. HP: 14/14 MP: 3/3
   492 | D:1      | Reached skill level 3 in Stealth
  1454 | D:1      | Reached skill level 4 in Stealth
  1476 | D:1      | Reached XP level 3. HP: 15/17 MP: 4/4
  1739 | D:2      | Reached skill level 5 in Stealth
  1950 | D:2      | Reached XP level 4. HP: 21/21 MP: 5/5
  2258 | D:2      | Reached skill level 6 in Stealth
  3068 | D:3      | Reached skill level 5 in Dodging
  3068 | D:3      | Reached XP level 5. HP: 9/24 MP: 6/6
  3425 | D:3      | You fall through a shaft!
  3833 | D:4      | Found a shattered altar of Ashenzari.
  3933 | D:4      | Gained mutation: You are covered in thick fur. (AC +2) [Felid growth]
  3933 | D:4      | Reached XP level 6. HP: 6/28 MP: 7/7
  4245 | D:4      | Reached skill level 7 in Stealth
  4786 | D:4      | You fall through a shaft for 3 floors!
  4962 | D:5      | Entered Level 5 of the Dungeon
  5009 | D:5      | Gained mutation: You can translocate small distances at will. [potion of mutation]
  5009 | D:5      | Gained mutation: Your thick and shaggy fur keeps you warm. (AC +3, rC+) [potion of mutation]
  5009 | D:5      | Gained mutation: Your muscles are strong. (Str +2) [potion of mutation]
  5463 | D:5      | Reached skill level 8 in Stealth
  5592 | D:5      | Noticed Mordru's ghost (amateur SpAE)
  5633 | D:5      | Killed Mordru's ghost
  5633 | D:5      | Reached skill level 9 in Stealth
  5633 | D:5      | Reached XP level 7. HP: 25/32 MP: 8/8
  6026 | D:5      | Found a runed door.
  6030 | D:5      | Noticed Crazy Yiuf
  6034 | D:5      | Killed Crazy Yiuf
  6034 | D:5      | Reached skill level 10 in Stealth
  6053 | D:5      | Found a burning altar of Makhleb.
  6053 | D:5      | Found a shimmering altar of Xom.
  6107 | D:5      | Noticed Edmund
  6116 | D:5      | Killed Edmund
  7015 | D:5      | Reached XP level 8. HP: 27/36 MP: 9/9
  7162 | D:6      | Found a snail-covered altar of Cheibriados.
  7273 | D:6      | Found Atwejixo's Magic Scroll Shoppe.
  7289 | D:6      | Bought 3 scrolls of identify for 66 gold pieces
  7289 | D:6      | Bought a scroll of summoning for 104 gold pieces
  7289 | D:6      | Bought a scroll of teleportation for 33 gold pieces
  7392 | D:6      | Reached skill level 5 in Fighting
  7683 | D:6      | Reached skill level 5 in Unarmed Combat
  7812 | D:6      | Found an ancient bone altar of Kikubaaqudgha.
  7858 | D:7      | Found Fuxkeoge's Antique Armour Emporium.
  8113 | D:7      | Found Zaolo's Antique Armour Shop.
  8119 | D:7      | Found a blossoming altar of Fedhas.
  8123 | D:7      | Found a sparkling altar of Nemelex Xobeh.
  8123 | D:7      | Found a white marble altar of Elyvilon.
  8123 | D:7      | Found a shadowy altar of Dithmenos.
  8124 | D:7      | Found a stormy altar of Qazlal.
  8135 | D:7      | Became a worshipper of Dithmenos the Shadowed
  8226 | D:7      | Reached skill level 11 in Stealth
  8292 | D:7      | Found Pommeze's Book Boutique.
  8686 | D:7      | Reached XP level 9. HP: 24/40 MP: 10/10
  8881 | D:7      | Found Siececesk's Magic Scroll Emporium.
  8881 | D:7      | Found a staircase to the Ecumenical Temple.
  8883 | D:7      | Bought a scroll of blinking for 105 gold pieces
  8883 | D:7      | Bought a scroll of blinking for 105 gold pieces
  8934 | D:7      | Reached * piety under Dithmenos
  9042 | D:7      | Found Ilyec's Weapon Shoppe.
  9052 | D:7      | Found an iron altar of Okawaru.
  9118 | D:6      | Reached skill level 12 in Stealth
  9974 | D:7      | Reached skill level 10 in Dodging
 10909 | D:8      | Reached skill level 13 in Stealth
 11107 | D:8      | Found a bloodstained altar of Trog.
 11680 | D:10     | Entered Level 10 of the Dungeon
 11686 | D:10     | Noticed an ice statue
 11706 | D:10     | Noticed a hill giant
 11707 | D:10     | Noticed Komma's ghost (journeyman HaHu)
 11718 | D:9      | Reached ** piety under Dithmenos
 11747 | D:10     | Found a staircase to the Lair.
 12119 | D:10     | Reached skill level 14 in Stealth
 12119 | D:10     | Reached XP level 10. HP: 38/45 MP: 11/11
 12479 | D:10     | Found a huge runed gate.
 12479 | D:10     | Found a huge runed gate.
 12479 | D:10     | Found a huge runed gate.
 12480 | D:10     | Found a huge runed gate.
 13087 | D:10     | Killed an ice statue
 13087 | D:10     | Reached skill level 15 in Stealth
 13450 | D:10     | Killed Komma's ghost
 13450 | D:10     | Reached skill level 16 in Stealth
 13659 | D:10     | Reached skill level 1 in Evocations
 13727 | D:11     | Noticed Josephine
 13796 | D:11     | Noticed Maurice
 13806 | D:11     | HP: 1/45 [orc/short sword (3)]
 14156 | D:11     | Noticed a hill giant
 14221 | D:11     | Reached *** piety under Dithmenos
 14525 | D:9      | HP: 1/45 [wraith[Josephine] (6)]
 15020 | D:11     | Killed Maurice
 15349 | D:11     | Reached XP level 11. HP: 35/49 MP: 14/14
 16524 | D:10     | Killed a hill giant
 16591 | D:10     | Killed a hill giant
 16813 | Lair:1   | Entered Level 1 of the Lair of Beasts
 17003 | Lair:1   | Noticed a four-headed hydra
 17010 | Lair:1   | Killed a four-headed hydra
 17206 | Lair:1   | Reached skill level 17 in Stealth
 17792 | Lair:2   | Noticed a seven-headed hydra
 17975 | Lair:2   | Noticed a seven-headed hydra
 17995 | Lair:1   | Slain by a spiny frog
 17996 | Lair:1   | Reached XP level 10. HP: -3/49 MP: 13/13
 18003 | Lair:1   | Killed a spiny frog
 18432 | Lair:1   | HP: 1/49 [yak (13)]
 18441 | Lair:1   | HP: 2/49 [yak (12)]
 18648 | Lair:1   | Noticed a spiny frog
 18709 | Lair:1   | Killed a spiny frog
 18709 | Lair:1   | Reached skill level 18 in Stealth
 19318 | D:10     | Reached XP level 11. HP: 16/52 MP: 14/14
 19576 | D:10     | Mangled by a polar bear
 19577 | D:10     | Reached XP level 10. HP: -6/49 MP: 13/13
 20332 | D:10     | Reached **** piety under Dithmenos
 20360 | D:10     | Mangled by a polar bear

Skill      XL: |  1  2  3  4  5  6  7  8  9 10 11 |
---------------+----------------------------------+-----
Stealth        | 2 4 5 6 9 10 11 14 18 17 | 18.1
Dodging        | 5 8 10 11 | 11.5
Fighting       | 4 5 6 8 |  8.4
Unarmed Combat | 6 8 |  8.0
Evocations     | 3 |  3.0

Action                   |  1- 3 |  4- 6 |  7- 9 | 10-12 || total
-------------------------+-------+-------+-------+-------++-------
Melee: Unarmed           |    93 |   237 |   400 |   693 ||  1423
       Bite              |     8 |    38 |    63 |   105 ||   214
       Punch             |     2 |     3 |    11 |    34 ||    50
Evoke: Wand              |       |       |       |     2 ||     2
  Use: Scroll            |     2 |     8 |    10 |     1 ||    21
       Potion            |       |     2 |     1 |     8 ||    11
 Stab: Sleeping          |     4 |    15 |    24 |    10 ||    53
       Distracted        |     1 |     1 |     3 |     3 ||     8
  Eat: Chunk             |     9 |     7 |    13 |    22 ||    51
Armor: Skin              |     7 |    11 |    13 |    22 ||    53
Dodge: Dodged            |    78 |   149 |   332 |   876 ||  1435
